TOP OF THE 1ST |
South Bend Cubs batting - Pitching for Great Lakes Loons : RHP Derek Ziolkowski
|
Pitching: RHP Derek Ziolkowski
|
|
Batting: RHB Puluke Konane
|
0-0: Ball 1-0: Called Strike 1-1: Ball 2-1: Called Strike 2-2: Ground out 5-3 (Groundball, 56, EV 86.2 MPH)
|
Batting: RHB Taylor Garofalo
|
0-0: Called Strike 0-1: Swinging Strike 0-2: Foul Ball, location: 2F 0-2: Ground out 4-3 (Groundball, 4, EV 87.5 MPH)
|
Batting: LHB Kwang-chih Men
|
0-0: Ball 1-0: Ball 2-0: Ball 3-0: Base on Balls
|
Batting: RHB Roy Battist
|
0-0: Foul Ball, location: 2F 0-1: Fielders Choice at 2nd, 6-4 (Groundball, 6, EV 91.9 MPH)
|
Top of the 1st over - 0 runs, 0 hits, 0 errors, 1 left on base; South Bend 0 - Great Lakes 0 |
BOTTOM OF THE 1ST |
Great Lakes Loons batting - Pitching for South Bend Cubs : RHP Steve Vint
|
Pitching: RHP Steve Vint
|
|
Batting: LHB Nate Kee
|
0-0: Foul Ball, location: 2F 0-1: Swinging Strike 0-2: Ball 1-2: Ball 2-2: Strikes out looking
|
Batting: LHB Tore Bosch
|
0-0: Called Strike 0-1: Ground out U3 (Groundball, 34, EV 108.8 MPH)
|
Batting: LHB Jesus Ramirez
|
0-0: Ball 1-0: Swinging Strike 1-1: Swinging Strike 1-2: Strikes out looking
|
Bottom of the 1st over - 0 runs, 0 hits, 0 errors, 0 left on base; South Bend 0 - Great Lakes 0 |
TOP OF THE 2ND |
South Bend Cubs batting - Pitching for Great Lakes Loons : RHP Derek Ziolkowski
|
Batting: LHB Adam Conover
|
0-0: Fly out, F3 (Line Drive, 3L, EV 66.9 MPH)
|
Batting: RHB Denis Rachin
|
0-0: Ball 1-0: SINGLE (Line Drive, 7S, EV 99.4 MPH)
|
Batting: RHB Andy Huntley
|
0-0: Foul Ball, location: 2F 0-1: Reached on error, E6 (Groundball, 56, EV 76.2 MPH) Denis Rachin to second
|
Batting: RHB Josh Burns
|
0-0: Ball 1-0: Ball 2-0: Ball 3-0: Base on Balls Denis Rachin to third Andy Huntley to second
|
Batting: RHB Ryan Bush
|
0-0: Foul Ball, location: 2F 0-1: Ball 1-1: Swinging Strike 1-2: Ball 2-2: Ball 3-2: Strikes out swinging
|
Batting: RHB Puluke Konane
|
0-0: Fielders Choice at 2nd, 5-4 (Groundball, 5, EV 88.1 MPH)
|
Top of the 2nd over - 0 runs, 1 hit, 1 error, 3 left on base; South Bend 0 - Great Lakes 0 |
BOTTOM OF THE 2ND |
Great Lakes Loons batting - Pitching for South Bend Cubs : RHP Steve Vint
|
Batting: SHB Xavier Alaniz
|
0-0: Ball 1-0: Called Strike 1-1: SINGLE (Groundball, 4S, EV 71.2 MPH) (infield hit)
|
Batting: LHB Jim Jardine
|
0-0: Ball 1-0: Swinging Strike 1-1: Ball 2-1: Fielders Choice at 2nd, 1-6 (Groundball, P, EV 70.0 MPH)
|
Batting: RHB Jason Baldwin
|
0-0: Foul Ball, location: 2F 0-1: Ball 1-1: Ball 2-1: Swinging Strike 2-2: Foul Ball, location: 2F 2-2: Ball 3-2: Foul Ball, location: 2F 3-2: Fly out, F8 (Flyball, 8LXD, EV 94.4 MPH)
|
Batting: RHB Justin Curran
|
0-0: Called Strike 0-1: Foul Ball, location: 2F 0-2: Ball 1-2: Foul Ball, location: 2F 1-2: Ball 2-2: Ball 3-2: Base on Balls Jim Jardine to second
|
Batting: RHB Trevor Conklin
|
0-0: Foul Ball, location: 2F 0-1: Called Strike 0-2: Ball 1-2: Strikes out swinging
|
Bottom of the 2nd over - 0 runs, 1 hit, 0 errors, 2 left on base; South Bend 0 - Great Lakes 0 |
TOP OF THE 3RD |
South Bend Cubs batting - Pitching for Great Lakes Loons : RHP Derek Ziolkowski
|
Batting: RHB Taylor Garofalo
|
0-0: Ball 1-0: Foul Ball, location: 2F 1-1: Ball 2-1: Foul Ball, location: 2F 2-2: Fly out, F4 (Popup, 34, EV 72.5 MPH)
|
Batting: LHB Kwang-chih Men
|
0-0: Called Strike 0-1: Fly out, F7 (Line Drive, 7, EV 110.6 MPH)
|
Batting: RHB Roy Battist
|
0-0: Ball 1-0: SINGLE (Groundball, 6MD, EV 101.9 MPH)
|
Batting: LHB Adam Conover
|
0-0: Ball 1-0: Called Strike 1-1: Swinging Strike 1-2: Ball 2-2: Ball 3-2: SINGLE (Line Drive, 4MD, EV 96.2 MPH) Roy Battist to second Roy Battist to third
|
Batting: RHB Denis Rachin
|
0-0: Called Strike 0-1: Called Strike 0-2: Ball 1-2: Ball 2-2: SINGLE (Groundball, 6MS, EV 76.2 MPH) (infield hit) Roy Battist scores Adam Conover to second
|
Batting: RHB Andy Huntley
|
0-0: Foul Ball, location: 2F 0-1: Foul Ball, location: 2F 0-2: Strikes out looking
|
Top of the 3rd over - 1 run, 3 hits, 0 errors, 2 left on base; South Bend 1 - Great Lakes 0 |
BOTTOM OF THE 3RD |
Great Lakes Loons batting - Pitching for South Bend Cubs : RHP Steve Vint
|
Batting: RHB Ruben Serrata
|
0-0: Ball 1-0: Called Strike 1-1: Swinging Strike 1-2: SINGLE (Line Drive, 9LS, EV 91.2 MPH)
|
Batting: LHB Nate Kee
|
0-0: Ball 1-0: Ball 2-0: Ball 3-0: Called Strike 3-1: Base on Balls Ruben Serrata to second
|
Batting: LHB Tore Bosch
|
0-0: Ball 1-0: Called Strike 1-1: Hit by Pitch Ruben Serrata to third Nate Kee to second
|
Batting: LHB Jesus Ramirez
|
0-0: Called Strike 0-1: Ball 1-1: Ball 2-1: Foul Ball, location: 2F 2-2: GRAND SLAM HOME RUN (Flyball, 9D, EV 97.5 MPH), Distance : 373 ft
|
Batting: SHB Xavier Alaniz
|
0-0: Ball 1-0: Swinging Strike 1-1: Called Strike 1-2: SOLO HOME RUN (Line Drive, 9D, EV 99.4 MPH), Distance : 373 ft
|
Pitching: RHP Rob Craft
|
|
Batting: LHB Jim Jardine
|
0-0: Ball 1-0: Ball 2-0: SOLO HOME RUN (Flyball, 9D, EV 95.0 MPH), Distance : 371 ft
|
Batting: RHB Jason Baldwin
|
0-0: Ball 1-0: Fly out, F8 (Flyball, 89M, EV 88.1 MPH)
|
Batting: RHB Justin Curran
|
0-0: Ball 1-0: Called Strike 1-1: Called Strike 1-2: SINGLE (Flyball, 9LS, EV 94.4 MPH)
|
Batting: RHB Trevor Conklin
|
0-0: Called Strike 0-1: Called Strike 0-2: Ball 1-2: Strikes out swinging
|
Batting: RHB Ruben Serrata
|
Balk! Justin Curran to second 0-0: Ball 1-0: Ball 2-0: Foul Ball, location: 2F 2-1: Foul Ball, location: 2F 2-2: Foul Ball, location: 2F 2-2: SINGLE (Groundball, 6M, EV 104.4 MPH) (infield hit) Justin Curran to third
|
Batting: LHB Nate Kee
|
0-0: Called Strike 0-1: Ground out 4-3 (Groundball, 4, EV 87.5 MPH)
|
Bottom of the 3rd over - 6 runs, 6 hits, 0 errors, 2 left on base; South Bend 1 - Great Lakes 6 |
TOP OF THE 4TH |
South Bend Cubs batting - Pitching for Great Lakes Loons : RHP Derek Ziolkowski
|
Batting: RHB Josh Burns
|
0-0: Ball 1-0: Called Strike 1-1: Foul Ball, location: 2F 1-2: Ground out 4-3 (Groundball, 4S, EV 66.2 MPH)
|
Batting: RHB Ryan Bush
|
0-0: Ball 1-0: Ball 2-0: Foul Ball, location: 2F 2-1: Ball 3-1: Swinging Strike 3-2: Foul Ball, location: 2F 3-2: Strikes out swinging
|
Batting: RHB Puluke Konane
|
0-0: Swinging Strike 0-1: SINGLE (Line Drive, 8RS, EV 95.6 MPH)
|
Batting: RHB Taylor Garofalo
|
0-0: Called Strike Puluke Konane steals 2nd base 0-1: Ball 1-1: Hit by Pitch
|
Batting: LHB Kwang-chih Men
|
0-0: Foul Ball, location: 2F 0-1: Foul Ball, location: 2F 0-2: Foul Ball, location: 2F 0-2: Ball 1-2: Ball 2-2: Foul Ball, location: 2F 2-2: Ball 3-2: Fly out, F8 (Flyball, 8LD, EV 101.9 MPH)
|
Top of the 4th over - 0 runs, 1 hit, 0 errors, 2 left on base; South Bend 1 - Great Lakes 6 |
BOTTOM OF THE 4TH |
Great Lakes Loons batting - Pitching for South Bend Cubs : RHP Rob Craft
|
Batting: LHB Tore Bosch
|
0-0: Called Strike 0-1: Reached on error, E5 (Groundball, 5L, EV 83.8 MPH)
|
Batting: LHB Jesus Ramirez
|
0-0: Foul Ball, location: 2F 0-1: Ground out U3 (Groundball, 3, EV 93.1 MPH) Tore Bosch to third
|
Batting: SHB Xavier Alaniz
|
0-0: Called Strike 0-1: Called Strike 0-2: Foul Ball, location: 2F 0-2: SINGLE (Groundball, 56D, EV 100.0 MPH) Tore Bosch scores
|
Pitching: LHP Alex Gandarilla
|
|
Batting: LHB Jim Jardine
|
0-0: Swinging Strike 0-1: Ball 1-1: Called Strike 1-2: Ball 2-2: Ball 3-2: Strikes out swinging
|
Batting: RHB Jason Baldwin
|
0-0: Called Strike 0-1: Swinging Strike 0-2: Strikes out looking
|
Bottom of the 4th over - 1 run, 1 hit, 1 error, 1 left on base; South Bend 1 - Great Lakes 7 |
TOP OF THE 5TH |
South Bend Cubs batting - Pitching for Great Lakes Loons : RHP Derek Ziolkowski
|
Batting: RHB Roy Battist
|
0-0: Called Strike 0-1: Foul Ball, location: 2F 0-2: Foul Ball, location: 2F 0-2: Strikes out swinging
|
Batting: LHB Adam Conover
|
0-0: Ball 1-0: Called Strike 1-1: Called Strike 1-2: Ball 2-2: SINGLE (Groundball, 34D, EV 96.2 MPH)
|
Batting: RHB Denis Rachin
|
0-0: Grounds into double play, 6-4-3 (Groundball, 6, EV 89.4 MPH)
|
Top of the 5th over - 0 runs, 1 hit, 0 errors, 0 left on base; South Bend 1 - Great Lakes 7 |
BOTTOM OF THE 5TH |
Great Lakes Loons batting - Pitching for South Bend Cubs : LHP Alex Gandarilla
|
Batting: RHB Justin Curran
|
0-0: Called Strike 0-1: Ball 1-1: Reached on error, E6 (Groundball, 6, EV 83.1 MPH)
|
Batting: RHB Trevor Conklin
|
0-0: Ball 1-0: Ball 2-0: Ball 3-0: Called Strike 3-1: Called Strike 3-2: Foul Ball, location: 2F 3-2: Foul Ball, location: 2F 3-2: Base on Balls Justin Curran to second
|
Batting: RHB Ruben Serrata
|
0-0: Foul Ball, location: 2F 0-1: Ball 1-1: Ball 2-1: Fielders Choice at 2nd, 6-4 (Groundball, 6, EV 98.8 MPH) Justin Curran to third
|
Batting: LHB Nate Kee
|
0-0: Called Strike 0-1: Ball 1-1: Fielders Choice at 2nd, U6 (Groundball, 4M, EV 75.6 MPH) Justin Curran scores
|
Batting: LHB Tore Bosch
|
0-0: Ball 1-0: Foul Ball, location: 2F 1-1: Ground out 6-3 (Groundball, P, EV 85.6 MPH)
|
Bottom of the 5th over - 1 run, 0 hits, 1 error, 1 left on base; South Bend 1 - Great Lakes 8 |
TOP OF THE 6TH |
South Bend Cubs batting - Pitching for Great Lakes Loons : RHP Derek Ziolkowski
|
Pitching: RHP Alberto Castillo
|
|
Batting: RHB Andy Huntley
|
0-0: Called Strike 0-1: Swinging Strike 0-2: Strikes out looking
|
Batting: RHB Josh Burns
|
0-0: Called Strike 0-1: Ground out 6-3 (Groundball, 6, EV 90.0 MPH)
|
Batting: RHB Ryan Bush
|
0-0: Swinging Strike 0-1: Called Strike 0-2: Strikes out swinging
|
Top of the 6th over - 0 runs, 0 hits, 0 errors, 0 left on base; South Bend 1 - Great Lakes 8 |
BOTTOM OF THE 6TH |
Great Lakes Loons batting - Pitching for South Bend Cubs : LHP Alex Gandarilla
|
Batting: LHB Jesus Ramirez
|
0-0: Ball 1-0: Called Strike 1-1: Foul Ball, location: 2F 1-2: Ball 2-2: Fly out, F5 (Popup, 5F, EV 78.1 MPH)
|
Pitching: RHP Angel Pesina
|
|
Batting: SHB Xavier Alaniz
|
0-0: Foul Ball, location: 2F 0-1: Called Strike 0-2: Strikes out swinging
|
Batting: LHB Jim Jardine
|
0-0: Fly out, F8 (Flyball, 8LXD, EV 106.2 MPH)
|
Bottom of the 6th over - 0 runs, 0 hits, 0 errors, 0 left on base; South Bend 1 - Great Lakes 8 |
TOP OF THE 7TH |
South Bend Cubs batting - Pitching for Great Lakes Loons : RHP Alberto Castillo
|
Batting: RHB Puluke Konane
|
0-0: SINGLE (Groundball, 56S, EV 65.0 MPH) (infield hit)
|
Batting: RHB Taylor Garofalo
|
0-0: Called Strike Puluke Konane steals 2nd base (no throw) 0-1: Swinging Strike 0-2: Ball 1-2: Ground out U3 (Groundball, 34S, EV 63.8 MPH) Puluke Konane to third
|
Pinch Hitting: LHB Hiroki Yamamoto
|
0-0: Ball 1-0: Ball 2-0: Fly out, F7 (Line Drive, 78M, EV 96.9 MPH)
|
Pinch Hitting: RHB Han-seung Hah
|
0-0: Called Strike 0-1: Ground out 4-3 (Groundball, 6MS, EV 85.6 MPH)
|
Top of the 7th over - 0 runs, 1 hit, 0 errors, 1 left on base; South Bend 1 - Great Lakes 8 |
BOTTOM OF THE 7TH |
Great Lakes Loons batting - Pitching for South Bend Cubs : RHP Angel Pesina
|
Now at 3B: Hiroki Yamamoto
|
|
Now at SS: Adam Conover
|
|
Now in RF: Han-seung Hah
|
|
Pinch Hitting: LHB Cory Bowler
|
0-0: Foul Ball, location: 2F 0-1: Ball 1-1: Foul Ball, location: 2F 1-2: Ball 2-2: Foul Ball, location: 2F 2-2: Foul Ball, location: 2F 2-2: Ball 3-2: Base on Balls
|
Pinch Hitting: RHB Joe Bower
|
0-0: Called Strike Cory Bowler is caught stealing 2nd base 2-4 0-1: Ball 1-1: SINGLE (Groundball, 15S, EV 71.2 MPH) (infield hit)
|
Batting: RHB Trevor Conklin
|
0-0: Called Strike 0-1: Swinging Strike 0-2: Ball 1-2: Ball 2-2: Strikes out looking
|
Batting: RHB Ruben Serrata
|
0-0: Called Strike 0-1: Called Strike 0-2: Strikes out swinging
|
Bottom of the 7th over - 0 runs, 1 hit, 0 errors, 1 left on base; South Bend 1 - Great Lakes 8 |
TOP OF THE 8TH |
South Bend Cubs batting - Pitching for Great Lakes Loons : RHP Alberto Castillo
|
Now at 2B: Cory Bowler
|
|
Now in LF: Joe Bower
|
|
Batting: LHB Adam Conover
|
0-0: Called Strike 0-1: Foul Ball, location: 2F 0-2: Fly out, F7 (Line Drive, 78D, EV 86.9 MPH)
|
Batting: RHB Denis Rachin
|
0-0: Called Strike 0-1: SINGLE (Line Drive, 6D, EV 107.5 MPH)
|
Batting: RHB Andy Huntley
|
0-0: Swinging Strike 0-1: Foul Ball, location: 2F 0-2: Strikes out swinging
|
Batting: RHB Josh Burns
|
0-0: Foul Ball, location: 2F 0-1: SINGLE (Flyball, 89S, EV 91.2 MPH) Denis Rachin to second
|
Batting: RHB Ryan Bush
|
0-0: Ball 1-0: Swinging Strike 1-1: Ball 2-1: DOUBLE (Line Drive, 3D, EV 97.5 MPH) Denis Rachin scores Josh Burns to third Runner from 3rd tries for Home, throw by RF and OUT! 9-4-2
|
Top of the 8th over - 1 run, 3 hits, 0 errors, 1 left on base; South Bend 2 - Great Lakes 8 |
BOTTOM OF THE 8TH |
Great Lakes Loons batting - Pitching for South Bend Cubs : RHP Angel Pesina
|
Batting: LHB Nate Kee
|
0-0: Called Strike 0-1: Swinging Strike 0-2: SINGLE (Line Drive, 4MD, EV 106.2 MPH)
|
Pitching: RHP Trevor Woodbury
|
|
Batting: LHB Tore Bosch
|
0-0: Ball 1-0: Called Strike 1-1: Grounds into double play, 2-6-3 (Groundball, 13S, EV 65.0 MPH)
|
Batting: LHB Jesus Ramirez
|
0-0: Ball 1-0: Ball 2-0: Called Strike 2-1: Foul Ball, location: 2F 2-2: SINGLE (Groundball, 56D, EV 95.6 MPH)
|
Batting: SHB Xavier Alaniz
|
0-0: Fielders Choice at 2nd, 6-5 (Groundball, 6M, EV 84.4 MPH)
|
Bottom of the 8th over - 0 runs, 2 hits, 0 errors, 1 left on base; South Bend 2 - Great Lakes 8 |
TOP OF THE 9TH |
South Bend Cubs batting - Pitching for Great Lakes Loons : RHP Alberto Castillo
|
Batting: RHB Puluke Konane
|
0-0: Ball 1-0: Ball 2-0: Called Strike 2-1: Ball 3-1: Foul Ball, location: 2F 3-2: Fly out, F7 (Flyball, 78S, EV 76.9 MPH)
|
Batting: RHB Taylor Garofalo
|
0-0: Ball 1-0: Called Strike 1-1: Ground out 6-3 (Groundball, 6MD, EV 111.2 MPH)
|
Batting: LHB Hiroki Yamamoto
|
0-0: Ball 1-0: Ball 2-0: Ball 3-0: Called Strike 3-1: Base on Balls
|
Batting: RHB Han-seung Hah
|
0-0: Ball 1-0: Ball 2-0: Called Strike 2-1: Foul Ball, location: 2F 2-2: Ball 3-2: SINGLE (Line Drive, 8LS, EV 109.4 MPH) Hiroki Yamamoto to second Hiroki Yamamoto to third
|
Batting: LHB Adam Conover
|
0-0: Fielders Choice at 2nd, 5-4 (Groundball, 5, EV 85.6 MPH)
|
Top of the 9th over - 0 runs, 1 hit, 0 errors, 2 left on base; South Bend 2 - Great Lakes 8 |
|